APL (24 & UNDER)
SAVANNAH HOGS @ NASHUA REDLEGS
06/28/2027
 
TOP OF THE 1ST
Savannah Hogs batting - Pitching for Nashua Redlegs : LHP Raúl Fernández
Pitching: LHP Raúl Fernández
Batting: RHB Ernesto Gómez 0-0: Ball
1-0: Called Strike
1-1: SINGLE (Groundball, 34D)
Batting: RHB Sergio Moreno 0-0: Called Strike
Ernesto Gómez is caught stealing 2nd base
0-1: Called Strike
0-2: Ball
1-2: Foul Ball, location: 2F
1-2: Foul Ball, location: 2F
1-2: Ball
2-2: Foul Ball, location: 2F
2-2: Strikes out swinging
Batting: RHB Remi Eruzione 0-0: Ball
1-0: Called Strike
1-1: Ball
2-1: SINGLE (Line Drive, 7S)
Batting: RHB Henry Dawson 0-0: Called Strike
0-1: Ball
1-1: Ball
2-1: Ball
3-1: Swinging Strike
3-2: Base on Balls
Remi Eruzione to second
Batting: RHB Anastasio Movonda 0-0: Ground out U3 (Groundball, 34S)
Top of the 1st over - 0 run(s), 2 hit(s), 0 error(s), 2 left on base; Savannah 0 - Nashua 0
BOTTOM OF THE 1ST
Nashua Redlegs batting - Pitching for Savannah Hogs : RHP Nelson Cruz
Pitching: RHP Nelson Cruz
Batting: RHB António López 0-0: Called Strike
0-1: Foul Ball, location: 2F
0-2: Ball
1-2: Foul Ball, location: 2F
1-2: Ball
2-2: Ball
3-2: Strikes out swinging
Batting: RHB Spencer Pritchett 0-0: Called Strike
0-1: Ball
1-1: Ball
2-1: Foul Ball, location: 2F
2-2: Strikes out swinging
Batting: RHB Currito Campos 0-0: Called Strike
0-1: Called Strike
0-2: Ball
1-2: Strikes out swinging
Bottom of the 1st over - 0 run(s), 0 hit(s), 0 error(s), 0 left on base; Savannah 0 - Nashua 0
TOP OF THE 2ND
Savannah Hogs batting - Pitching for Nashua Redlegs : LHP Raúl Fernández
Batting: LHB Ivan Costello 0-0: Called Strike
0-1: Ground out 4-3 (Groundball, 4)
Batting: LHB Manny Hernández 0-0: Ball
1-0: Ball
2-0: Called Strike
2-1: Foul Ball, location: 2F
2-2: Foul Ball, location: 2F
2-2: Strikes out swinging
Batting: RHB Júlio Peña 0-0: Ball
1-0: Called Strike
1-1: Foul Ball, location: 2F
1-2: Ball
2-2: Foul Ball, location: 2F
2-2: Strikes out swinging
Top of the 2nd over - 0 run(s), 0 hit(s), 0 error(s), 0 left on base; Savannah 0 - Nashua 0
BOTTOM OF THE 2ND
Nashua Redlegs batting - Pitching for Savannah Hogs : RHP Nelson Cruz
Batting: RHB Eleuterio Supardo 0-0: Ball
1-0: Called Strike
1-1: Foul Ball, location: 2F
1-2: Foul Ball, location: 2F
1-2: Strikes out swinging
Batting: RHB Jorge Valenzuela 0-0: Ball
1-0: Called Strike
1-1: Ball
2-1: SINGLE (Groundball, 6MD)
Batting: RHB José García 0-0: Ball
Wild Pitch!
Jorge Valenzuela to second
1-0: Ball
2-0: Fly out, F9 (Flyball, 9)
Batting: SHB Ryan Holcomb 0-0: Ball
1-0: Called Strike
1-1: Fly out, F8 (Flyball, 8LD)
Bottom of the 2nd over - 0 run(s), 1 hit(s), 0 error(s), 1 left on base; Savannah 0 - Nashua 0
TOP OF THE 3RD
Savannah Hogs batting - Pitching for Nashua Redlegs : LHP Raúl Fernández
Batting: LHB Marv Alexander 0-0: SINGLE (Line Drive, 9LS)
Batting: RHB Ernesto Gómez 0-0: Ball
1-0: Called Strike
1-1: Ball
2-1: Ball
3-1: Called Strike
3-2: Strikes out swinging
Batting: RHB Sergio Moreno 0-0: Ball
1-0: Ball
2-0: Swinging Strike
2-1: Ball
3-1: Base on Balls
Marv Alexander to second
Batting: RHB Remi Eruzione 0-0: Ball
1-0: Ball
2-0: Foul Ball, location: 2F
2-1: Foul Ball, location: 2F
2-2: Ball
3-2: Foul Ball, location: 2F
3-2: Base on Balls
Marv Alexander to third
Sergio Moreno to second
Batting: RHB Henry Dawson 0-0: Ball
1-0: Ball
2-0: Fielders Choice at 2nd, 5-4 (Groundball, 56)
Marv Alexander scores
Sergio Moreno to third
Batting: RHB Anastasio Movonda 0-0: Ball
1-0: Ball
Wild Pitch!
Sergio Moreno scores
Henry Dawson to second
2-0: Called Strike
2-1: Foul Ball, location: 2F
2-2: Ball
3-2: Foul Ball, location: 2F
3-2: Ground out 4-3 (Groundball, 4)
Top of the 3rd over - 2 run(s), 1 hit(s), 0 error(s), 1 left on base; Savannah 2 - Nashua 0
BOTTOM OF THE 3RD
Nashua Redlegs batting - Pitching for Savannah Hogs : RHP Nelson Cruz
Batting: RHB José Zumaya 0-0: Ground out 6-3 (Groundball, 6)
Batting: RHB Katsuhito Ohayashi 0-0: Called Strike
0-1: Foul Ball, location: 2F
0-2: Ball
1-2: Strikes out looking
Batting: RHB António López 0-0: SINGLE (Groundball, 34S) (infield hit)
Batting: RHB Spencer Pritchett 0-0: Ball
1-0: SINGLE (Groundball, 34D)
António López to second
Runner from 2nd tries for 3rd, SAFE, throw made to third
Spencer Pritchett to second
Batting: RHB Currito Campos 0-0: Foul Ball, location: 2F
0-1: Foul Ball, location: 2F
0-2: Ground out 4-3 (Groundball, 4MD)
Bottom of the 3rd over - 0 run(s), 2 hit(s), 0 error(s), 2 left on base; Savannah 2 - Nashua 0
TOP OF THE 4TH
Savannah Hogs batting - Pitching for Nashua Redlegs : LHP Raúl Fernández
Batting: LHB Ivan Costello 0-0: Ball
1-0: Called Strike
1-1: Ball
2-1: Foul Ball, location: 2F
2-2: Foul Ball, location: 2F
2-2: Ground out 4-3 (Groundball, 4)
Batting: LHB Manny Hernández 0-0: Ball
1-0: Called Strike
1-1: Ball
2-1: Ball
3-1: Fly out, F8 (Flyball, 8RM)
Batting: RHB Júlio Peña 0-0: Foul Ball, location: 2F
0-1: Ball
1-1: Ball
2-1: Ball
3-1: Base on Balls
Batting: LHB Marv Alexander 0-0: Foul Ball, location: 2F
0-1: Swinging Strike
0-2: Ball
1-2: SINGLE (Line Drive, 56)
Júlio Peña to second
Pitching: RHP Jason Spencer
Batting: RHB Ernesto Gómez 0-0: SINGLE (Groundball, 6MD)
Júlio Peña to third
Marv Alexander to second
Runner from 3rd tries for Home, SAFE, no throw
Batting: RHB Sergio Moreno 0-0: Ball
1-0: Ball
2-0: Called Strike
2-1: Ball
3-1: Swinging Strike
3-2: SINGLE (Line Drive, 89S)
Marv Alexander to third
Ernesto Gómez to second
Marv Alexander scores
Ernesto Gómez to third
Batting: RHB Remi Eruzione 0-0: Ball
1-0: Hit by Pitch
Sergio Moreno to second
Batting: RHB Henry Dawson 0-0: Called Strike
0-1: Called Strike
0-2: Ball
1-2: Foul Ball, location: 2F
1-2: Ball
2-2: Ball
3-2: Fly out, F9 (Flyball, 89M)
Top of the 4th over - 2 run(s), 3 hit(s), 0 error(s), 3 left on base; Savannah 4 - Nashua 0
BOTTOM OF THE 4TH
Nashua Redlegs batting - Pitching for Savannah Hogs : RHP Nelson Cruz
Batting: RHB Eleuterio Supardo 0-0: Called Strike
0-1: Fly out, F8 (Flyball, 8RM)
Batting: RHB Jorge Valenzuela 0-0: Ground out 1-3 (Groundball, P)
Batting: RHB José García 0-0: Called Strike
0-1: Foul Ball, location: 2F
0-2: SOLO HOME RUN (Flyball, 78XD), Distance : 427 ft
Batting: SHB Ryan Holcomb 0-0: Called Strike
0-1: Ball
1-1: Ball
2-1: Ground out 6-3 (Groundball, 56)
Bottom of the 4th over - 1 run(s), 1 hit(s), 0 error(s), 0 left on base; Savannah 4 - Nashua 1
TOP OF THE 5TH
Savannah Hogs batting - Pitching for Nashua Redlegs : RHP Jason Spencer
Batting: RHB Anastasio Movonda 0-0: Called Strike
0-1: Foul Ball, location: 2F
0-2: Ball
1-2: Ground out 4-3 (Groundball, 4)
Batting: LHB Ivan Costello 0-0: Ball
1-0: Ground out 4-3 (Groundball, 4)
Batting: LHB Manny Hernández 0-0: Ball
1-0: Ball
2-0: Ball
3-0: Base on Balls
Batting: RHB Júlio Peña 0-0: Fielders Choice at 2nd, 6-4 (Groundball, 6)
Top of the 5th over - 0 run(s), 0 hit(s), 0 error(s), 0 left on base; Savannah 4 - Nashua 1
BOTTOM OF THE 5TH
Nashua Redlegs batting - Pitching for Savannah Hogs : RHP Nelson Cruz
Batting: RHB José Zumaya 0-0: Ball
1-0: Swinging Strike
1-1: Foul Ball, location: 2F
1-2: Strikes out swinging
Batting: RHB Katsuhito Ohayashi 0-0: Ball
1-0: Called Strike
1-1: Foul Ball, location: 2F
1-2: Ball
2-2: Strikes out looking
Batting: RHB António López 0-0: Called Strike
0-1: Ball
1-1: Foul Ball, location: 2F
1-2: Ball
2-2: Strikes out swinging
Bottom of the 5th over - 0 run(s), 0 hit(s), 0 error(s), 0 left on base; Savannah 4 - Nashua 1
TOP OF THE 6TH
Savannah Hogs batting - Pitching for Nashua Redlegs : RHP Jason Spencer
Batting: LHB Marv Alexander 0-0: Ball
1-0: Foul Ball, location: 2F
1-1: Ball
2-1: Ball
3-1: DOUBLE (Flyball, 9)
Batting: RHB Ernesto Gómez 0-0: Ball
1-0: Ball
2-0: Ball
3-0: Called Strike
3-1: Fly out, F9 (Flyball, 9S)
Batting: RHB Sergio Moreno 0-0: Ball
1-0: Ball
2-0: Ball
3-0: Called Strike
3-1: Base on Balls
Batting: RHB Remi Eruzione 0-0: Called Strike
0-1: Ball
1-1: Ball
2-1: Ball
3-1: Base on Balls
Marv Alexander to third
Sergio Moreno to second
Batting: RHB Henry Dawson 0-0: Fly out, F7 (Flyball, 7S)
Batting: RHB Anastasio Movonda 0-0: Ball
1-0: Swinging Strike
1-1: Foul Ball, location: 2F
1-2: SINGLE (Groundball, 4S) (infield hit)
Marv Alexander scores
Sergio Moreno to third
Remi Eruzione to second
Batting: LHB Ivan Costello 0-0: Called Strike
0-1: Called Strike
0-2: Ground out U3 (Groundball, 34)
Top of the 6th over - 1 run(s), 2 hit(s), 0 error(s), 3 left on base; Savannah 5 - Nashua 1
BOTTOM OF THE 6TH
Nashua Redlegs batting - Pitching for Savannah Hogs : RHP Nelson Cruz
Batting: RHB Spencer Pritchett 0-0: Ball
1-0: Ball
2-0: Foul Ball, location: 2F
2-1: Ground out 1-3 (Groundball, P)
Batting: RHB Currito Campos 0-0: Fly out, F8 (Flyball, 8LM)
Batting: RHB Eleuterio Supardo 0-0: Ball
1-0: Foul Ball, location: 2F
1-1: Fly out, F9 (Flyball, 9S)
Bottom of the 6th over - 0 run(s), 0 hit(s), 0 error(s), 0 left on base; Savannah 5 - Nashua 1
TOP OF THE 7TH
Savannah Hogs batting - Pitching for Nashua Redlegs : RHP Jason Spencer
Batting: LHB Manny Hernández 0-0: Ball
1-0: Ball
2-0: Foul Ball, location: 2F
2-1: Fly out, F8 (Flyball, 89D)
Pitching: RHP José Rivas
Batting: RHB Júlio Peña 0-0: Called Strike
0-1: Swinging Strike
0-2: Strikes out swinging
Batting: LHB Marv Alexander 0-0: Ball
1-0: Foul Ball, location: 2F
1-1: Foul Ball, location: 2F
1-2: Ball
2-2: Fly out, F7 (Flyball, 78M)
Top of the 7th over - 0 run(s), 0 hit(s), 0 error(s), 0 left on base; Savannah 5 - Nashua 1
BOTTOM OF THE 7TH
Nashua Redlegs batting - Pitching for Savannah Hogs : RHP Nelson Cruz
Batting: RHB Jorge Valenzuela 0-0: Ball
1-0: Called Strike
1-1: Ball
2-1: Foul Ball, location: 2F
2-2: Strikes out swinging, 2-3 out at first.
Batting: RHB José García 0-0: Called Strike
0-1: Ball
1-1: Fly out, F2 (Popup, 23)
Batting: SHB Ryan Holcomb 0-0: Called Strike
0-1: Foul Ball, location: 2F
0-2: Strikes out looking
Bottom of the 7th over - 0 run(s), 0 hit(s), 0 error(s), 0 left on base; Savannah 5 - Nashua 1
TOP OF THE 8TH
Savannah Hogs batting - Pitching for Nashua Redlegs : RHP José Rivas
Batting: RHB Ernesto Gómez 0-0: Reached on error, E4 (Groundball, 4)
Batting: RHB Sergio Moreno 0-0: Bunted foul
0-1: Bunted foul
0-2: Ball
1-2: Foul Ball, location: 2F
1-2: Ball
2-2: Ball
3-2: Base on Balls
Ernesto Gómez to second
Batting: RHB Remi Eruzione 0-0: Ball
1-0: Ball
2-0: Ball
3-0: Called Strike
3-1: Base on Balls
Ernesto Gómez to third
Sergio Moreno to second
Batting: RHB Henry Dawson 0-0: Ball
1-0: SINGLE (Groundball, 56D)
Ernesto Gómez scores
Sergio Moreno to third
Remi Eruzione to second
Batting: RHB Anastasio Movonda 0-0: Foul Ball, location: 2F
0-1: Swinging Strike
0-2: Ball
1-2: Ball
2-2: Ball
3-2: Base on Balls
Sergio Moreno scores
Remi Eruzione to third
Henry Dawson to second
Batting: LHB Ivan Costello 0-0: Ball
1-0: Called Strike
1-1: Foul Ball, location: 2F
1-2: Ball
2-2: Foul Ball, location: 2F
2-2: TRIPLE (Line Drive, 56D)
Remi Eruzione scores
Henry Dawson scores
Anastasio Movonda scores
Pitching: LHP Jorge Melgaza
Batting: LHB Manny Hernández 0-0: Ball
1-0: Foul Ball, location: 2F
1-1: Ball
2-1: Ball
3-1: Base on Balls
Batting: RHB Júlio Peña 0-0: Ball
1-0: Called Strike
1-1: Foul Ball, location: 2F
1-2: Foul Ball, location: 2F
1-2: Ball
2-2: 3-RUN HOME RUN (Flyball, 78XD), Distance : 402 ft
Batting: LHB Marv Alexander 0-0: Ball
1-0: Swinging Strike
1-1: Foul Ball, location: 2F
1-2: Ball
2-2: Ball
3-2: Base on Balls
Batting: RHB Ernesto Gómez 0-0: Ball
Marv Alexander steals 2nd base
1-0: Ball
2-0: Called Strike
2-1: 2-RUN HOME RUN (Flyball, 7D), Distance : 346 ft
Pitching: RHP Raúl Vallejo
Batting: RHB Sergio Moreno 0-0: Foul Ball, location: 2F
0-1: Reached on error, E6 (Groundball, 6)
Batting: RHB Remi Eruzione 0-0: Ball
1-0: Ball
2-0: Called Strike
2-1: Ball
3-1: Called Strike
3-2: Base on Balls
Batting: RHB Henry Dawson 0-0: Ball
1-0: Foul Ball, location: 2F
1-1: Ball
2-1: Foul Ball, location: 2F
2-2: Foul Ball, location: 2F
2-2: Ball
3-2: Base on Balls
Sergio Moreno to third
Remi Eruzione to second
Pinch Hitting: LHB Larry Smith 0-0: Swinging Strike
0-1: Foul Ball, location: 2F
0-2: Foul Ball, location: 2F
0-2: Strikes out looking
Batting: LHB Ivan Costello 0-0: Ball
1-0: Ball
2-0: Called Strike
2-1: Foul Ball, location: 2F
2-2: Ball
3-2: Strikes out swinging
Batting: LHB Manny Hernández 0-0: Ball
1-0: Ball
2-0: Ball
3-0: Called Strike
3-1: Foul Ball, location: 2F
3-2: Foul Ball, location: 2F
3-2: Strikes out swinging
Top of the 8th over - 10 run(s), 4 hit(s), 2 error(s), 3 left on base; Savannah 15 - Nashua 1
BOTTOM OF THE 8TH
Nashua Redlegs batting - Pitching for Savannah Hogs : RHP Nelson Cruz
Pitching: RHP José Gonzáles
Now at 3B: Larry Smith
Pinch Hitting: RHB Joe Noble 0-0: Called Strike
0-1: Ball
1-1: Fly out, F9 (Line Drive, 9)
Batting: RHB Katsuhito Ohayashi 0-0: Called Strike
0-1: Hit by Pitch
Batting: RHB António López 0-0: Swinging Strike
0-1: Ball
1-1: Foul Ball, location: 2F
1-2: Strikes out swinging
Batting: RHB Spencer Pritchett 0-0: Fly out, F9 (Flyball, 9S)
Bottom of the 8th over - 0 run(s), 0 hit(s), 0 error(s), 1 left on base; Savannah 15 - Nashua 1
TOP OF THE 9TH
Savannah Hogs batting - Pitching for Nashua Redlegs : RHP Raúl Vallejo
Now at 3B: Ánibal Barrios
Batting: RHB Júlio Peña 0-0: Called Strike
0-1: Ball
1-1: Ground out 6-3 (Groundball, 6)
Batting: LHB Marv Alexander 0-0: Called Strike
0-1: Ball
1-1: Ball
2-1: Ground out 4-3 (Groundball, 4)
Batting: RHB Ernesto Gómez 0-0: SINGLE (Flyball, 8RS)
Batting: RHB Sergio Moreno 0-0: Ball
1-0: Fly out, F8 (Flyball, 8RM)
Top of the 9th over - 0 run(s), 1 hit(s), 0 error(s), 1 left on base; Savannah 15 - Nashua 1
BOTTOM OF THE 9TH
Nashua Redlegs batting - Pitching for Savannah Hogs : RHP José Gonzáles
Batting: RHB Currito Campos 0-0: Ball
1-0: Swinging Strike
1-1: Foul Ball, location: 2F
1-2: Foul Ball, location: 2F
1-2: Foul Ball, location: 2F
1-2: Ball
2-2: Strikes out looking
Batting: RHB Eleuterio Supardo 0-0: Ball
1-0: Fly out, F8 (Flyball, 8LM)
Batting: RHB Jorge Valenzuela 0-0: Ground out 4-3 (Groundball, 4)
Bottom of the 9th over - 0 run(s), 0 hit(s), 0 error(s), 0 left on base; Savannah 15 - Nashua 1
Thursday, March 30th, 2017 - OOTP Baseball 17.12 Build 75